[Event "FRA-ch Teams Top 16-A 2022"]
[Site "Chartres"]
[Date "2022.06.11"]
[Round "3.16"]
[White "Hernandez, Lara"]
[Black "Afraoui, Solenn"]
[Result "1-0"]
[ECO "A46"]
[WhiteElo "1965"]
[BlackElo "1945"]
[Annotator "TA"]
[PlyCount "131"]
[EventDate "2022.06.09"]
[EventType "team-tourn"]
[EventCountry "FRA"]
[SourceTitle "playchess.com"]
[Source "ChessBase"]
[SourceQuality "1"]
[TimeControl "40/5400+30:1800+30"]

1. d4 Nf6 2. Nf3 e6 3. g3 b5 4. Bg2 Bb7 5. O-O c5 6. Bg5 Be7 {[%emt 0:00:45] A46: 1 d4 Nf6 2 Nf3 e6: Torre, London and Colle Systems.} 7. dxc5 Bxc5 8. Qd3 a6 {[%emt 0:02:48] The position is equal.} 9. Nbd2 d5 {[%emt 0:02:41] Inhibits e4.} 10. a4 b4 {[%emt 0:08:23] [#]} 11. e4 $146 ({Predecessor:} 11. c4 bxc3 12. bxc3 h6 13. Bxf6 Qxf6 14. Rab1 Qe7 15. c4 O-O 16. Rfc1 dxc4 17. Qxc4 {½-½ (62) Munoz Portugal,G (2248)-Moreno,A (2259) ICCF email 2007}) 11... dxe4 12. Qxd8+ Kxd8 13. Ne5 Ke8 14. Nb3 Be7 15. Na5 Bd5 16. c4 bxc3 $1 17. bxc3 {[%emt 0:00:02] aiming for c4.} Bd8 18. Nec4 ({Much worse is} 18. Nac4 Bc7 $11) (18. c4 $1 $14) 18... Nbd7 19. Rfb1 Kf8 20. Be3 Bc7 21. Bf1 (21. Nb6 $1 $15 Bxb6 22. Bxb6 Nxb6 23. Rxb6) 21... h5 $17 22. Nb6 Rb8 (22... Bxb6 $17 23. Bxb6 Nxb6 24. Rxb6 e3 25. Rxa6 Rxa6 26. Bxa6 h4 27. gxh4 exf2+ 28. Kxf2 Rxh4) 23. Nac4 Kg8 24. a5 Kh7 (24... Bxc4 $11 {keeps the balance.} 25. Nxc4 (25. Bxc4 Ne5 $11) 25... Nd5) 25. Nxd7 $1 $16 {[%emt 0:02:27][%mdl 64] Remove Defender} Nxd7 26. Nb6 Nxb6 (26... Bxb6 $142 27. axb6 Rhc8) 27. axb6 Be5 28. Bxa6 (28. Ra3 $1 $16) 28... Bxc3 $11 29. Ra3 Be5 30. b7 Bc6 {[%emt 0:00:51] Prevents Ra4.} (30... h4 $14) 31. Ba7 $1 $36 {[%emt 0:01:16][%mdl 2048] Keeping Black busy.} Rbd8 32. Rab3 Bb8 33. Bxb8 Rxb8 34. Rc1 Bd5 35. Rb6 {[%emt 0:00:55] White is more active.} Kg6 (35... g5 $16 36. Rc7 Kg6) 36. Rc8 {[%emt 0:01:23] Black must now prevent Rxh8.} Bxb7 37. Rxh8 Rxh8 38. Rxb7 {[%emt 0:00:39][%mdl 4096] Endgame KRB-KR} h4 39. Kf1 hxg3 40. hxg3 Ra8 (40... f5 $16 41. Rb6 Kf6) 41. Rb6 (41. Bb5 $18) 41... Kf5 (41... Kf6 $16 {is a better defense.} 42. Ke2 Ke5) 42. Ke2 ({White should try} 42. Bc4 $18) 42... Ke5 $16 43. Bc4 Kd4 44. Bb3 Ra3 (44... Ra7 $16 45. Kd2 Kc5) 45. Rb7 $18 g5 46. Kd2 $1 Ke5 47. Kc3 f5 (47... e3 $142 48. fxe3 Kf6) 48. Rb6 f4 49. Rb5+ $1 ({Weaker is} 49. Rxe6+ Kf5 50. g4+ Kxg4 $11) 49... Kf6 {[%emt 0:00:40] [#]} 50. g4 $1 {[%emt 0:00:00] Hoping for Rb6.} Ra6 {[%emt 0:01:48] Prevents Rb6.} (50... e3 $142 51. f3 Ra6) 51. Kd4 e3 52. fxe3 fxe3 (52... Rc6 $142 53. exf4 gxf4) 53. Kxe3 Rd6 54. Ke4 Rc6 55. Ra5 Rb6 56. Bc4 {[%emt 0:00:00] Ra6 would kill now.} Rb1 57. Ra6 Re1+ 58. Kd4 Rd1+ 59. Kc5 Re1 60. Kd6 $2 ({Better is} 60. Rd6 $18) 60... Rd1+ $2 {[%emt 0:00:06][%mdl 8192] [#]} (60... Re4 $14 61. Bb5 Rxg4) 61. Kc7 $1 Re1 62. Kd7 Rd1+ 63. Rd6 Rg1 64. Bxe6 {[%emt 0:00:34] Threatening mate with Rd5.} Ke5 65. Rd5+ Kf4 66. Rf5+ {[%emt 0:00:10] Weighted Error Value: White=0.18 (very precise) /Black=0.51} 1-0

[Event "FRA-ch Teams Top 16-A 2022"]
[Site "Chartres"]
[Date "2022.06.11"]
[Round "3.17"]
[White "Bacrot, Etienne"]
[Black "Alonso Rosell, Alvar"]
[Result "1-0"]
[ECO "C67"]
[WhiteElo "2638"]
[BlackElo "2557"]
[Annotator "TA"]
[PlyCount "73"]
[EventDate "2022.06.09"]
[EventType "team-tourn"]
[EventCountry "FRA"]
[SourceTitle "playchess.com"]
[Source "ChessBase"]
[SourceQuality "1"]
[TimeControl "40/5400+30:1800+30"]

1. e4 e5 2. Nf3 Nc6 3. Bb5 Nf6 4. O-O Nxe4 5. Re1 Nd6 6. Nxe5 Be7 7. Bf1 Nxe5 8. Rxe5 O-O 9. Nc3 {[%emt 0:01:27] C67: Ruy Lopez: Berlin Defence: 4 0-0 Nxe4.} Ne8 10. Nd5 Bd6 11. Re1 {[%emt 0:00:15] The position is equal.} c6 (11... Qh4 12. g3 Qd8 13. d4 $16) 12. Ne3 Be7 ({But not} 12... Qh4 13. g3 Qf6 14. d4 $14) 13. c4 Nc7 14. d4 d5 15. cxd5 Bb4 16. Bd2 Bxd2 17. Qxd2 {[%emt 0:00:07] White wants to play dxc6.} Nxd5 18. Nxd5 Qxd5 19. Re5 $5 {[%emt 0:00:16][%mdl 4] Exploring less charted territory.} Qd6 20. Bc4 Bd7 21. a3 Rae8 {[%emt 0:21:17] [#]} 22. Qe3 $146 ({Predecessor:} 22. Qc3 h6 23. h3 Rxe5 24. dxe5 Qe7 25. Rd1 Be6 26. Bxe6 Qxe6 27. Qe3 a5 28. Qc3 Re8 29. Qxa5 Qxe5 30. Qxe5 Rxe5 31. Rd8+ Kh7 32. Rd7 Rb5 33. b4 {½-½ (33) Galliano,G (2450)-Axmann,S (2455) ICCF email 2021}) 22... b6 23. h3 (23. g3 {looks sharper.} c5 24. Rxe8 Rxe8 25. dxc5 bxc5 26. Qf3) 23... h6 24. Re1 Rxe5 25. dxe5 Qe7 26. Rd1 Re8 27. Qe4 {[%emt 0:05:53] 0x0.002ac306d09edp-1022s more active pieces.} c5 28. f4 Be6 29. Rd6 {[%emt 0:04:32] Black must now prevent Bb5.} Bxc4 30. Qxc4 $11 {[%emt 0:00:20][%mdl 4096] Endgame KQR-KQR} Kf8 $1 31. Qd3 $40 {[%emt 0:04:52][%mdl 128] White has some attack.} Qh4 32. Qf5 Qe1+ 33. Kh2 {[%emt 0:00:59] White threatens Rd7 and mate.} Qe3 $2 (33... Kg8 $14) 34. Rd7 $1 $18 Re7 35. Rd3 Qc1 36. Rd8+ Re8 {[%emt 0:00:02] [#]} 37. e6 $1 {[%emt 0:01:07] Weighted Error Value: White=0.03 (flawless) /Black=0.35} 1-0

[Event "FRA-ch Teams Top 16-A 2022"]
[Site "Chartres"]
[Date "2022.06.11"]
[Round "3.18"]
[White "Song, Julien"]
[Black "Rodshtein, Maxim"]
[Result "0-1"]
[ECO "E08"]
[WhiteElo "2388"]
[BlackElo "2588"]
[Annotator "TA"]
[PlyCount "86"]
[EventDate "2022.06.09"]
[EventType "team-tourn"]
[EventCountry "FRA"]
[SourceTitle "playchess.com"]
[Source "ChessBase"]
[SourceQuality "1"]
[TimeControl "40/5400+30:1800+30"]

1. d4 Nf6 2. c4 e6 3. Nf3 d5 4. g3 Bb4+ 5. Bd2 Be7 6. Bg2 c6 7. O-O Nbd7 8. Qc2 O-O 9. Bf4 Nh5 10. Bc1 f5 11. b3 a5 {[%emt 0:03:04][%cal Oa5a4] E08: Closed Catalan: Main Line: 7 Qc2.} 12. a4 {[%emt 0:05:38] [#]} Nhf6 $146 ({Predecessor:} 12... Qe8 13. Ba3 Nhf6 14. Bxe7 Qxe7 15. e3 b6 16. Rc1 Bb7 17. cxd5 cxd5 18. Na3 Rac8 {1-0 (64) Kazakovskiy,V (2485)-Sjugirov,S (2665) Moscow 2019}) 13. Ng5 Nb8 {[%emt 0:00:19][%cal Bd7b8,Bb8a6,Ba6b4][%mdl 32] The position is equal.} 14. Nh3 Na6 15. Nf4 Nb4 16. Qd1 b6 17. Bb2 Bd6 18. e3 Qe7 19. Nd3 Ba6 20. Nxb4 Bxb4 21. Qc2 Rac8 22. Rc1 Ne4 23. Nc3 h5 24. Nxe4 fxe4 25. Bc3 Bd6 26. c5 bxc5 27. dxc5 Bc7 28. Qd2 $1 Qd8 (28... Qxc5 $2 29. Bxg7 $1 Qd6 30. Bxf8 Rxf8 31. Qc3 $18) 29. Bh3 ({Don't play} 29. Qd4 e5 30. Qd2 Rb8 $17) 29... e5 30. b4 axb4 31. Bxb4 Rb8 32. Bc3 Qe7 33. a5 h4 34. Qd1 (34. Bf1 $11 {keeps the balance.} Bc8 35. a6) 34... Rf3 $17 {[%emt 0:00:46] Strongly threatening ...Rbf8.} 35. Be1 (35. Bf1 $17 Bxf1 36. Qxf1) 35... hxg3 36. hxg3 Rbf8 {[%emt 0:01:43] And now ...Qf6 would win. Black is much more active.} 37. Ra2 $2 (37. Rcb1 $17 {is the only way for White.}) 37... Qg5 $19 {[%emt 0:00:51] Threatens to win with ...Qh5.} 38. Bg2 {[%emt 0:00:27] [#]} d4 $2 ({Black should try} 38... R3f6 $1 $19 39. Rb1 Qf5) 39. exd4 $2 {[%emt 0:01:16][%mdl 8192] [#]} ({Reject} 39. Bxf3 Rxf3 40. Kg2 Rf7 $11) (39. Rb1 $15) 39... exd4 $1 40. Bxf3 (40. Qxd4 Qxc1) 40... exf3 41. Qb3+ Rf7 42. Rd1 Qf5 {[%emt 0:00:56] ( -> ...Qh3)} 43. Rxd4 Qh3 {[%emt 0:01:36] Weighted Error Value: White=0.64/Black=0.17 (very precise)} 0-1

[Event "FRA-ch Teams Top 16-A 2022"]
[Site "Chartres"]
[Date "2022.06.11"]
[Round "3.19"]
[White "Ragger, Markus"]
[Black "Relange, Eloi"]
[Result "1/2-1/2"]
[ECO "C41"]
[WhiteElo "2636"]
[BlackElo "2456"]
[Annotator "TA"]
[PlyCount "48"]
[EventDate "2022.06.09"]
[EventType "team-tourn"]
[EventCountry "FRA"]
[SourceTitle "playchess.com"]
[Source "ChessBase"]
[SourceQuality "1"]
[TimeControl "40/5400+30:1800+30"]

1. e4 d6 2. d4 Nf6 3. Nc3 e5 4. Nf3 Nbd7 5. Bc4 Be7 6. a4 O-O 7. O-O c6 8. h3 Re8 {[%emt 0:02:47] Recently 8...h6 got a lot of attention. C41: Philidor Defence.} 9. Re1 Qc7 10. a5 {[%emt 0:07:03] is the legacy move (10.Ba2).} exd4 {[%emt 0:01:00] White is slightly better.} 11. Nxd4 Ne5 12. Bb3 Bd7 {[%emt 0:01:05] [#]} 13. Bf4 $146 ({Predecessor:} 13. f4 Ng6 14. Qd3 Bf8 15. Be3 b5 16. axb6 axb6 17. Qc4 Rxa1 18. Rxa1 Nh8 19. Kf2 {0-1 (47) Sadzikowski,D (2480)-Kunin,V (2571) Germany 2015}) 13... Rad8 14. Bh2 {[%emt 0:01:07] White is more active.} Bf8 15. f4 Ng6 16. Kh1 c5 17. Nf3 c4 18. Ba4 Bxa4 19. Rxa4 b5 20. axb6 $1 ({Reject} 20. Nxb5 Qd7 21. Nc3 {[#]} Nxe4 $1 22. Rxe4 Rxe4 $15) 20... Qxb6 21. Qa1 ({Much less strong is} 21. Rxc4 Qxb2 22. Qd4 Qb6 $11) 21... d5 22. Ra6 (22. e5 $16 {aiming for Ra6.} d4 23. Ne4 (23. exf6 dxc3 24. bxc3 Qxf6 $14) 23... Nxe4 24. Rxe4) 22... Qf2 $14 23. Rxf6 gxf6 $11 24. Nxd5 {[%emt 0:05:28] Pair of Knights!} Bg7 {[%emt 0:00:16] Weighted Error Value: White=0.09 (flawless) /Black=0.05 (flawless)} 1/2-1/2

[Event "FRA-ch Teams Top 16-A 2022"]
[Site "Chartres"]
[Date "2022.06.11"]
[Round "3.20"]
[White "Solakian-Van Eyll, Jerome"]
[Black "Naiditsch, Arkadij"]
[Result "0-1"]
[ECO "D00"]
[WhiteElo "2248"]
[BlackElo "2654"]
[Annotator "TA"]
[PlyCount "72"]
[EventDate "2022.06.09"]
[EventType "team-tourn"]
[EventCountry "FRA"]
[SourceTitle "playchess.com"]
[Source "ChessBase"]
[SourceQuality "1"]
[TimeControl "40/5400+30:1800+30"]

1. d4 Nf6 2. Nf3 g6 3. Nc3 d5 4. Bf4 c6 5. h3 Nbd7 6. e3 {[%emt 0:02:50] D00: 1 d4 d5: Unusual lines.} Bg7 7. Be2 b5 $5 {[%emt 0:02:05][%mdl 4] A promising side line.} 8. a3 {[%emt 0:06:36] The position is equal.} O-O 9. O-O {[%emt 0:00:38] [#]} Bb7 $146 ({Predecessor:} 9... a5 10. Bd3 Nb6 11. Re1 Re8 12. Ne5 Bb7 13. Qf3 b4 14. axb4 axb4 15. Rxa8 Qxa8 16. Ne2 {½-½ (62) Grandelius,N (2643)-Kantans,T (2454) Tallinn 2016}) 10. Re1 Nb6 11. b3 a6 12. Bf1 Ne4 13. Nxe4 dxe4 14. Nd2 f5 15. c4 {[%emt 0:01:27] Against Nd5} Nd7 (15... c5 16. dxc5 Bxa1 17. Qxa1 $16) 16. Qc2 e5 17. dxe5 g5 (17... Nxe5 $5 18. Rad1 Nd3 19. Bxd3 exd3 $15) 18. Bh2 (18. cxb5 cxb5 19. Bh2 Nxe5 20. Bxe5 Bxe5 $17) 18... Nxe5 19. Bxe5 Bxe5 20. Rad1 Qf6 21. b4 Rf7 22. Nb3 Raf8 23. cxb5 axb5 24. a4 g4 (24... bxa4 25. Nc5 $16) 25. axb5 gxh3 26. g3 {[%emt 0:00:27] [#] Hoping for Nc5.} Rg7 (26... cxb5 $11 {keeps the balance.} 27. Bxb5 f4) 27. Kh1 ({White should try} 27. Nc5 $16 {Threatens to win with Nd7.} Bc8 28. b6 (28. Bxh3 cxb5 29. Qe2 h5 $15)) 27... f4 $2 (27... cxb5 $14 28. Nc5 Bc8) 28. Bc4+ $2 (28. exf4 $18 cxb5 29. Re3 (29. fxe5 $2 e3+ 30. Kh2 Qf3 $19) (29. Bxb5 Bxf4 30. Bc4+ Kh8 $19)) 28... Kh8 $11 29. exf4 Bxf4 30. Qxe4 (30. gxf4 $11 cxb5 31. Bd5 Bxd5 32. Rxd5) 30... Bb8 $40 {[%emt 0:02:34][%mdl 128] Black mounts an attack.} 31. Nc5 $2 (31. f4 $1 $15) 31... cxb5 $19 ({Weaker is} 31... Qxf2 32. Rf1 Qg2+ 33. Qxg2 hxg2+ 34. Kxg2 Rxg3+ 35. Kh1 Rh3+ 36. Kg1 Rg3+ 37. Kh1 Rh3+ 38. Kg1 Rg3+ 39. Kh1 $11) 32. Nxb7 {[%emt 0:00:24] Strongly threatening Be6.} bxc4 33. Nc5 $2 {[%emt 0:00:32] [#]} (33. f4 Rxg3 34. Rd7) 33... Qxf2 (33... Re7 $142 $3 34. Qd5 (34. f4 Rxe4) 34... Rxe1+ 35. Rxe1 Qxf2) 34. Re2 Qxg3 {[%emt 0:00:30][%cal Og7e7] ( -> ...Re7!)} 35. Ne6 Rg4 36. Qb7 Rfg8 {[%emt 0:01:13] Weighted Error Value: White=0.61/Black=0.39} 0-1

[Event "FRA-ch Teams Top 16-A 2022"]
[Site "Chartres"]
[Date "2022.06.11"]
[Round "3.21"]
[White "Bellahcene, Bilel"]
[Black "Ramirez Garcia, Jorge Alberto"]
[Result "1-0"]
[ECO "E71"]
[WhiteElo "2521"]
[BlackElo "2242"]
[Annotator "TA"]
[PlyCount "83"]
[EventDate "2022.06.09"]
[EventType "team-tourn"]
[EventCountry "FRA"]
[SourceTitle "playchess.com"]
[Source "ChessBase"]
[SourceQuality "1"]
[TimeControl "40/5400+30:1800+30"]

1. d4 Nf6 2. c4 g6 3. Nc3 Bg7 4. e4 d6 5. h3 O-O 6. Be3 e5 7. d5 c5 {[%emt 0:04:21] E71: King's Indian: 4 e4 d6 5 h3.} (7... Na6 $11 {keeps the balance.}) 8. g4 a6 9. a4 Bd7 {[%emt 0:09:52] [#] White is better.} 10. Nge2 $146 ({Predecessor:} 10. Qd2 Qa5 11. Ra3 Rc8 12. Be2 Qc7 13. g5 Ne8 14. h4 Ra7 15. h5 b6 16. Nf3 {½-½ (41) Antonsen,M (2400)-Markussen,P (1873) Helsingor 2019}) 10... Ne8 11. Qd2 f5 (11... Bf6 $16) 12. gxf5 gxf5 13. exf5 Bxf5 14. Ng3 Nd7 15. Nxf5 Rxf5 16. Bd3 e4 17. Bxe4 Ne5 18. Qe2 Rf8 19. Bg2 {[%emt 0:11:44] A strong pair of Bishops.} ({Worse is} 19. Qh5 Nf6 20. Qe2 Nxe4 21. Nxe4 b5 $15) ({White should play} 19. f4 $18 Nd7 20. Bd2 (20. Qg4 Kh8 $16)) 19... Ng6 20. Ne4 {[%emt 0:03:13] aiming for Ng5.} Nf4 $1 21. Bxf4 Rxf4 22. O-O $36 {[%emt 0:00:02][%cal Bh1f1,Bf1e1,Be1e6][%mdl 2080] White has good play.} Qh4 23. Ra3 Rd8 ({Black should try} 23... Qe7 $14) 24. Rg3 $16 {[%emt 0:03:06] Ng5 is the strong threat.} h6 {[%emt 0:14:46] Against Ng5} 25. Re1 Nf6 {[%emt 0:05:41] [#]} (25... Kh8 $16 {was worth a try.} 26. Rg4 Rxg4 27. Qxg4 Qxg4 28. hxg4 Bd4) 26. Nxf6+ (26. Nxd6 $1 $18 Rxd6 27. Qe7) 26... Qxf6 27. Qe6+ Kh8 28. Qxf6 {[%emt 0:11:25] White is more active.} Bxf6 29. Re6 Bg5 30. Rg4 Rxg4 (30... Rdf8 $14) 31. hxg4 $14 {[%emt 0:00:19][%mdl 4096] Endgame KRB-KRB} Kg7 32. Be4 Bf6 (32... Bf4 $142 33. Kg2 Rf8) 33. b3 $18 Bg5 34. Kg2 Kf7 (34... Bd2 $142 35. Bf5 Kf8) 35. Kg3 Bf6 36. f4 Rd7 37. Kf3 Rd8 38. Bf5 Bg7 $2 (38... a5 39. Kg3 b6) 39. Bg6+ Kf8 40. f5 Bd4 41. f6 Kg8 42. Re8+ {[%emt 0:00:00] Weighted Error Value: White=0.12 (very precise) /Black=0.59} 1-0

[Event "FRA-ch Teams Top 16-A 2022"]
[Site "Chartres"]
[Date "2022.06.11"]
[Round "3.23"]
[White "Le Roux, Jean-Pierre"]
[Black "Lemonnier, Remi"]
[Result "0-1"]
[ECO "D11"]
[WhiteElo "2513"]
[BlackElo "2033"]
[Annotator "TA"]
[PlyCount "55"]
[EventDate "2022.06.09"]
[EventType "team-tourn"]
[EventCountry "FRA"]
[SourceTitle "playchess.com"]
[Source "ChessBase"]
[SourceQuality "1"]
[TimeControl "40/5400+30:1800+30"]

1. d4 d5 2. c4 c6 3. Nf3 Nf6 4. Nbd2 Bf5 5. Nh4 Be4 6. e3 {[%emt 0:00:21] D11: Slav Defence: 3 Nf3 sidelines and 3...Nf6 4 e3 Bg4.} e6 7. Be2 h6 8. Qb3 {[%emt 0:15:12] [#] The position is equal.} Qc7 $146 ({Predecessor:} 8... Qb6 9. c5 Qc7 10. Nxe4 dxe4 11. g3 Nbd7 12. O-O g5 13. Ng2 Bg7 14. Qc2 e5 {½-½ (62) Injac,T (2310)-Srdanovic,J (1835) Belgrade 2017}) 9. Nxe4 Nxe4 10. Nf3 Nd7 11. Bd3 Ndf6 12. Qc2 Bb4+ 13. Kf1 b6 (13... Bd6 $14) 14. cxd5 exd5 {[%emt 0:02:23] [#]} 15. Ne5 $1 O-O 16. f3 ({Don't take} 16. Nxc6 Bd6 $11) 16... Ng5 17. Qxc6 Qe7 18. Ba6 Bd6 19. Nd3 Qe6 20. Qc2 (20. Nf2 {with more complications.} Nh5 21. Bd2 Rae8 22. Rc1) 20... Rfe8 21. Qe2 Re7 22. Bd2 {[%emt 0:03:56] This bishop pair is nice.} Rae8 23. Nf2 Nh5 {[%emt 0:01:28][%cal Od6h2] And now ...Bxh2! would win.} 24. g4 (24. Qd1 $16) 24... Nf4 {[%emt 0:01:17] [#]} (24... Qf6 $1 $14 25. gxh5 Nxf3) 25. exf4 (25. Qd1 $1 $16 Nfh3 26. Nxh3 Nxh3 27. Kg2) 25... Qxe2+ $14 26. Bxe2 Rxe2 27. fxg5 (27. Ne4 $1 $14 Rxd2 28. Nxd2 Bxf4 29. Rd1) 27... Rxd2 $19 28. Rd1 {[%emt 0:00:00] Weighted Error Value: White=0.35/Black=0.19 (very precise)} (28. gxh6 {keeps fighting.} gxh6 29. Rd1 Rxb2 30. a4) 0-1

[Event "FRA-ch Teams Top 16-A 2022"]
[Site "Chartres"]
[Date "2022.06.11"]
[Round "3.24"]
[White "Auvray, Juliette"]
[Black "Maisuradze, Nino"]
[Result "0-1"]
[ECO "B35"]
[WhiteElo "1970"]
[BlackElo "2207"]
[Annotator "TA"]
[PlyCount "82"]
[EventDate "2022.06.09"]
[EventType "team-tourn"]
[EventCountry "FRA"]
[SourceTitle "playchess.com"]
[Source "ChessBase"]
[SourceQuality "1"]
[TimeControl "40/5400+30:1800+30"]

1. e4 c5 2. Nf3 Nc6 3. d4 cxd4 4. Nxd4 g6 5. Nc3 Bg7 6. Be3 Nf6 7. Bc4 O-O 8. Bb3 Re8 {[%emt 0:02:26] B35: Sicilian: Accelerated Dragon with 5 Nc3: main line.} 9. f3 e6 10. Qd2 d5 {[%emt 0:01:43] The position is equal.} 11. O-O-O {[%emt 0:07:07] The main line 11.0-0-0 scores better than 11.exd5.} Nxd4 12. Bxd4 {[%emt 0:03:04] Threatens to win with exd5.} e5 $1 13. Bf2 d4 14. Ne2 a5 {[%emt 0:22:48] [#]} 15. Ba4 $146 (15. c3 $1 $11) ({Predecessor:} 15. c3 Qc7 16. Kb1 a4 17. Bc2 dxc3 18. Nxc3 Be6 19. Qd6 Qc8 20. Qc5 Bf8 21. Qxc8 Rexc8 {½-½ (38) Kadric,D (2576)-Abdusattorov,N (2661) Sharjah 2022}) 15... Bd7 (15... b5 $1 $15 16. Bxb5 Bd7 17. Bxd7 Nxd7) 16. Bxd7 $11 Qxd7 17. c3 Qe6 18. Kb1 dxc3 19. Nxc3 a4 20. Bh4 ({White should play} 20. Qd6 $16) 20... a3 21. Bxf6 Bxf6 22. b3 Rec8 23. Nd5 Rc6 (23... h5 $11 {remains equal.}) 24. h4 (24. Qb4 $16) 24... Rac8 25. h5 g5 (25... Bd8 $1 $11) 26. g4 $16 h6 (26... Be7 $16 {might work better.}) 27. Rc1 (27. Qb4 $18) 27... Be7 28. Rhd1 (28. Qa5 $16) 28... Bc5 ({Black should try} 28... Bf8 $1 $14) 29. Rc2 (29. Qa5 $1 $16) 29... Bd4 $11 30. Rxc6 bxc6 31. Ne3 Rb8 $36 {[%emt 0:02:16][%cal Ob8b3][%mdl 2048] Black has good play.} 32. Qd3 (32. Nf5 Rxb3+ $1 33. Kc1 Qc4+ 34. Qc2 Rc3 35. Rd2 Qf1+ 36. Rd1 Rxc2+ 37. Kxc2 Qc4+ 38. Kd2 Qxa2+ 39. Kd3 Qb3+ 40. Ke2 a2 41. Nxd4 exd4 42. Re1 Qc2+ 43. Kf1 d3 44. Kg1 d2 45. Rf1 d1=Q 46. Rxd1 Qxd1+ 47. Kf2 a1=Q 48. Kg3 Qh1 49. f4 Qag1#) 32... Bxe3 33. Qxe3 {[%emt 0:00:04][%mdl 4096] Endgame KQR-KQR} c5 34. Rc1 $2 ({Wrong is} 34. Qxc5 $2 Rxb3+ $1 35. Ka1 Rxf3 $19) (34. Qd2 $11) 34... c4 $1 $19 35. Rc3 {[%emt 0:00:51] [#]} Kg7 $1 36. Kc2 cxb3+ 37. Rxb3 $2 (37. axb3 a2 38. Qa7) 37... Qc4+ ({And not} 37... Rd8 38. Rxa3 Qc4+ 39. Kb2 $19) 38. Kb1 Rc8 39. Qe1 {[%emt 0:00:35] Inhibits Qf1.} Qc2+ 40. Ka1 Rd8 {[%emt 0:00:29] ( -> ...Rd1+)} 41. Rb1 {[%emt 0:02:54] Prevents Rd1.} Rd2 {[%emt 0:00:21] Weighted Error Value: White=0.65/Black=0.18 (very precise)} 0-1

[Event "FRA-ch Teams Top 16-A 2022"]
[Site "Chartres"]
[Date "2022.06.11"]
[Round "3.25"]
[White "Jones, Gawain C B"]
[Black "Bailet, Pierre"]
[Result "1/2-1/2"]
[ECO "C55"]
[WhiteElo "2669"]
[BlackElo "2509"]
[Annotator "TA"]
[PlyCount "96"]
[EventDate "2022.06.09"]
[EventType "team-tourn"]
[EventCountry "FRA"]
[SourceTitle "playchess.com"]
[Source "ChessBase"]
[SourceQuality "1"]
[TimeControl "40/5400+30:1800+30"]

1. e4 e5 2. Nf3 Nc6 3. Bc4 Nf6 4. d3 Be7 5. O-O O-O 6. Nc3 d6 7. a4 $1 {[%emt 0:00:04] C55: Two Knights: 4 d3, 4 d4 exd4 5 e5 and Max Lange Attack.} Bg4 {[%emt 0:11:05] 7...Be6 might become the main line.} 8. h3 Bh5 9. Be3 Nd4 10. Bxd4 exd4 11. Nd5 Nxd5 12. Bxd5 c6 13. Bb3 {[%emt 0:00:26] [#]} d5 $146 ({Predecessor:} 13... Bxf3 14. Qxf3 Bf6 15. Qg3 g6 16. f4 Qe7 17. a5 a6 18. Kh1 Rae8 19. Rf3 Bh4 {1-0 (35) Navara,D (2697)-Mazur,S (2416) Chess.com INT 2020}) 14. exd5 Bd6 15. dxc6 bxc6 16. g4 Bg6 17. Qd2 (17. Nxd4 $14 Qf6 18. Nf3 (18. Nxc6 $2 Qf4 $19)) 17... Qf6 (17... Rb8 $11 {feels stronger.}) 18. Kg2 $14 Rab8 19. Qg5 $1 Bxd3 20. cxd3 {[%emt 0:00:57] [#] aiming for Qxf6.} Qxg5 21. Bxf7+ $1 Rxf7 22. Nxg5 Rfb7 23. Ne6 c5 24. Rac1 Rxb2 25. Nxc5 Bxc5 26. Rxc5 {[%emt 0:00:08][%mdl 4096] Endgame KRR-KRR} Rd2 $1 27. Rc7 Rf8 28. Rxa7 {[%emt 0:01:07] Rd7 is the strong threat.} h5 29. Rd7 ({But not} 29. gxh5 Rxd3 30. Rd7 Rf5 $16) (29. Kg3 {keeps more tension.} Rxd3+ 30. Kh4 hxg4 31. hxg4 Rdf3 32. Rd7) 29... hxg4 30. Rxd4 gxh3+ {[%emt 0:00:09] The position is equal.} 31. Kxh3 Rfxf2 32. Rxf2 Rxf2 $11 {[%emt 0:00:07] KR-KR} 33. Kg4 Ra2 34. Kf5 Kf7 35. Rd7+ Ke8 36. Ra7 Rd2 37. Ke4 g5 38. a5 g4 39. a6 g3 40. Ra8+ Kf7 41. a7 Ra2 {[%emt 0:31:15] [#] Strongly threatening ...g2.} 42. Rb8 Rxa7 43. Kf3 Ke6 44. Kxg3 Rf7 45. Rb4 Kd5 46. Rf4 Rxf4 47. Kxf4 Kd4 48. Kf3 Kxd3 {[%emt 0:00:05] Weighted Error Value: White=0.06 (flawless) /Black=0.05 (flawless)} 1/2-1/2